 Dungeon Crawl Stone Soup version 0.27-a0-861-g9529aa9bf3 (webtiles) character file.

Game seed: 7280416667526906622

313 Execuda the Ruffian (level 6, 0/59 HPs)
             Began as a Troll Fighter on Apr 2, 2021.
             Succumbed to a scorpion's poison
             ... on level 3 of the Dungeon.
             The game lasted 00:01:35 (1666 turns).

Execuda the Ruffian (Troll Fighter)                 Turns: 1666, Time: 00:01:36

Health: 0/59       AC:  4    Str: 27    XL:     6   Next: 19%
Magic:  5/5        EV:  8    Int:  4    God:
Gold:   111        SH:  9    Dex:  9    Spells: 5/5 levels left

rFire    . . .     SeeInvis .     - Unarmed
rCold    . . .     Faith    .   b - +0 kite shield
rNeg     . . .     Spirit   .   a - +0 robe
rPois    .         Reflect  .   (helmet restricted)
rElec    .         Harm     .   (no cloak)
rCorr    .         Rampage  .   (gloves unavailable)
Will     .....                  (boots unavailable)
Stlth    +.........             (no amulet)
HPRegen  1.19/turn              (no ring)
MPRegen  0.09/turn              (no ring)

@: lethally poisoned (0 -> -1), hasted, very quick
A: large, unfitting armour, claws 3, regeneration 1, shaggy fur 1, tough skin 1
a: no special abilities


You were on level 3 of the Dungeon.
You visited 1 branch of the dungeon, and saw 4 of its levels.

You collected 111 gold pieces.

Inventory:

Missiles
 k - a throwing net (quivered)
Armour
 a - a +0 robe (worn)
 b - a +0 kite shield (worn)
Jewellery
 l - a ring of magical power
Wands
 m - a wand of charming (5)
Scrolls
 d - a scroll of magic mapping {unknown}
 f - a scroll of teleportation {unknown}
 g - a scroll of enchant weapon {unknown}
 h - 3 scrolls of identify {unknown}
 j - a scroll of fear {unknown}
 n - a scroll of immolation {unknown}
Potions
 c - 2 potions of might
 e - 2 potions of haste
 i - 2 potions of curing {unknown}


   Skills:
 - Level 2.4 Fighting
 - Level 2.4 Dodging
 + Level 3.3 Shields
 * Level 6.0 Unarmed Combat


You had 5 spell levels left.
You didn't know any spells.
Your spell library was empty.

Dungeon Overview and Level Annotations

Branches:
Dungeon (4/15)
 Temple: D:4-7

Altars:
Ashenzari
Gozag
Okawaru


Innate Abilities, Weirdness & Mutations

You are too large for most types of armour.
You have claws for hands.
Your natural rate of healing is unusually fast.
You are covered in fur. (AC +1)
You have tough skin. (AC +1)


Message History

You block the howler monkey's attack.
The jackal moves out of view.
You scratch the howler monkey.
The howler monkey is moderately wounded.
A jackal comes into view.
The howler monkey hoots and howls with incredible vigour!
The howler monkey hits you.
The jackal barks! x2; You hear an angry hiss.
You hear a shout! x3
You claw the howler monkey!
You kill the howler monkey!
Your Unarmed Combat skill increases to level 6!
You block the ogre's attack.
You completely miss the scorpion. The scorpion barely misses you.
The ogre hits you with a +0 giant club!
You closely miss the scorpion. The scorpion stings you.
The ogre hits you with a +0 giant club! The scorpion stings you!
* * * LOW HITPOINT WARNING * * *
You are poisoned.
The scorpion poisons you!
You feel sick.
Okay, then.
You feel sick.
There is a stone staircase leading up here.
You feel sick. You block the scorpion's attack.
You climb upwards.
You feel sick.
There is a stone staircase leading down here.
You closely miss the scorpion.
You feel sick. The scorpion stings you!
* * * LOW HITPOINT WARNING * * *
The scorpion stings you.
* * * LOW HITPOINT WARNING * * *
Aiming: Charm
Press: ? - help, Shift-Dir - straight line, f - scorpion
Aim: a scorpion (chance to affect: 46%)
The scorpion resists with some effort.
You feel sick. The scorpion stings you.
* * * LOW HITPOINT WARNING * * *
You are lethally poisoned!
The scorpion poisons you!
* * * LOW HITPOINT WARNING * * *
You feel sick.
It was a potion of haste.
You feel yourself speed up.
You die...

..####.......#######.##### ..#
#...#...(.#.........# .##
##.....##.#.........# .#
#.....##.#.........# .#
##.................# .#
#.#.......#.####### ##
#.......#...# .####
##......#.###
....####........@.##
.....##.....)..s...#########
.........)..........##.....#
...).......(...............#
...........................#
........(............)....<#
.....#.....................#
........<..................####
..................)...........#


You could see a scorpion.

Vanquished Creatures
  A necrophage (D:3)
  A howler monkey (D:4)
  Ijyb (D:3)
  4 gnolls
  4 adders
  6 dart slugs
  An orc (D:2)
  2 endoplasms (D:1)
  3 giant cockroaches
  8 goblins
  4 hobgoblins
  14 jackals
  2 kobolds (D:1)
  4 quokkas
  4 ball pythons (D:1)
  6 bats
  5 rats
70 creatures vanquished.

Notes
Turn   | Place    | Note
-------+----------+-------------------------------------------
     0 | D:1      | Execuda the Troll Fighter began the quest for the Orb.
     0 | D:1      | Reached XP level 1. HP: 22/22 MP: 0/0
    57 | D:1      | Reached XP level 2. HP: 29/29 MP: 1/1
    94 | D:1      | Reached skill level 3 in Unarmed Combat
   312 | D:1      | Reached XP level 3. HP: 36/36 MP: 2/2
   701 | D:2      | Reached skill level 4 in Unarmed Combat
   730 | D:2      | Found a broken altar of Ashenzari.
  1045 | D:2      | Reached XP level 4. HP: 43/44 MP: 3/3
  1255 | D:3      | Reached skill level 5 in Unarmed Combat
  1255 | D:3      | Reached XP level 5. HP: 43/50 MP: 4/4
  1418 | D:3      | Noticed Ijyb
  1426 | D:3      | Killed Ijyb
  1439 | D:3      | Found an opulent altar of Gozag.
  1440 | D:3      | Found an iron altar of Okawaru.
  1609 | D:4      | Noticed an ogre
  1611 | D:4      | Noticed a necrophage
  1621 | D:3      | Killed a necrophage
  1622 | D:3      | Reached XP level 6. HP: 47/59 MP: 5/5
  1656 | D:4      | Reached skill level 6 in Unarmed Combat
  1664 | D:3      | HP: 2/59 [scorpion (3)]
  1666 | D:3      | Succumbed to a scorpion's poison

Illustrated notes

Levels and vault maps discovered:
D:1:      dpeg_arrival_boxorama, layout_rooms
D:2:      layout_loops_ring, basic_altar
D:3:      layout_rooms, nicolae_overflow_hidden_temple, uniq_ijyb
D:4:      layout_rooms, minmay_temple_entry_glass, serial_shops,
          kennysheep_mini, wad_orctagon, uniq_pikel

Skill      XL: |  1  2  3  4  5  6 |
---------------+-------------------+-----
Unarmed Combat | 3 4 5 6 |  6.0
Shields        | 3 |  3.3
Fighting       | |  2.4
Dodging        | |  2.4

Action                   |  1- 3 |  4- 6 || total
-------------------------+-------+-------++-------
Melee: Unarmed           |   111 |    64 ||   175
Evoke: Wand              |       |     1 ||     1
  Use: Potion            |       |     1 ||     1
 Stab: Sleeping          |       |     1 ||     1
Armor: Robe              |    51 |    13 ||    64
Dodge: Dodged            |    47 |    21 ||    68
Block: Kite shield       |    71 |    25 ||    96

Table legend: (Time is in decaauts)
 A = Elapsed time spent in this place.
 B = Non-inter-level travel time spent in this place.
 C = Inter-level travel time spent in this place.
 D = Time resting spent in this place.
 E = Time spent auto-exploring this place.
 F = Levels seen in this place.
 G = Mean time per level.
                   A        B        C        D        E       F      G
               +--------+--------+--------+--------+--------+-----+--------+
         Total |   1693 |   1507 |    186 |      0 |   1119 |   4 |  423.2 |
       Dungeon |   1693 |   1507 |    186 |      0 |   1119 |   4 |  423.2 |
               +--------+--------+--------+--------+--------+-----+--------+

Top non-repeatable levels by time:
     D:2: 657 daAuts
     D:1: 530 daAuts
     D:3: 473 daAuts
     D:4: 31 daAuts
